AoeStats
← Malcolm Little

Nomad

506292110Analyzed
3v3 RM · 19d ago on Sep 13, 2026· 30m 17s· 6 players
Game mode
Random Map
Map size
210×210
Population
200
Speed
Normal
Resources
Standard
Victory
Conquest
Starting age
Dark Age
Ending age
Imperial Age
RankedLock teamsTeams togetherTeam positionsShared explorationLock speedFull tech treeHidden civsTurbo modeCheats
Victory
Defeat
🇩🇴 Spanish · Dominican Republic
1353
+15
🇨🇳 Berbers · China
1328
+16
1260
+19
1354
-18
🇨🇴 Huns · Colombia
1320
-16
🇨🇴 Persians · Colombia
1303
-16
rui
3:48 Loom
17:41 Feudal Age
20:22 Fletching
23:48 Wheelbarrow
23:15 Horse Collar
23:24 Double-Bit Axe
26:15 Castle Age
24:31 Gold Mining
25:20 Scale Barding Armor
26:14 Bloodlines
26:16 Forging
30:40 Heavy Plow
30:51 Bow Saw
Malcolm Little
13:42 Feudal Age
18:24 Castle Age
16:29 Loom
16:59 Double-Bit Axe
17:35 Padded Archer Armor
19:30 Bow Saw
19:50 Leather Archer Armor
26:50 Horse Collar
28:25 Wheelbarrow
27:56 Town Watch
[zWq]Ferdinand Von Lindemann
4:40 Loom
13:36 Feudal Age
15:06 Double-Bit Axe
15:02 Horse Collar
16:15 Fletching
18:16 Town Watch
20:51 Castle Age
18:44 Gold Mining
19:09 Padded Archer Armor
20:57 Crossbowman
22:15 Bow Saw
22:42 Bodkin Arrow
24:12 Gold Shaft Mining
26:55 Wheelbarrow
26:40 Heavy Plow
31:09 Hand Cart
BoaDelapool, "cocainita"
10:55 Loom
14:29 Feudal Age
15:13 Double-Bit Axe
16:36 Fletching
20:25 Gold Mining
20:28 Fishing Lines
23:38 Castle Age
22:18 Padded Archer Armor
24:04 Wheelbarrow
Impeesa91
5:28 Loom
15:37 Feudal Age
18:26 Double-Bit Axe
20:53 Scale Barding Armor
21:27 Forging
22:21 Horse Collar
26:54 Castle Age
29:38 Bloodlines
Ivandronato
4:53 Loom
Connection lost

Rejoining the realm…

Still unreachable

The connection could not be restored.

Session expired

The server has moved on; the page needs a fresh start.